 Dungeon Crawl Stone Soup version 0.30-a0-347-gf58ed5266c (webtiles) character file.

Game seed: 10642375107584263010

960 Maxmaps the Shield-Bearer (level 7, 0/78 HPs)
             Began as a Demonspawn Gladiator on Nov 7, 2022.
             Was a Follower of Cheibriados.
             Slain by Duvessa
             ... wielding a +1 short sword of protection
              (4 damage)
             ... on level 5 of the Dungeon.
             The game lasted 00:04:42 (4016 turns).

Maxmaps the Shield-Bearer (Demonspawn Gladiator)    Turns: 4016, Time: 00:04:42

Health: 0/78       AC: 23    Str: 17    XL:     7   Next: 92%
Magic:  7/7        EV:  2    Int: 14    God:    Cheibriados [*.....]
Gold:   325        SH:  6    Dex: 18    Spells: 6/6 levels left

rFire   . . .      SeeInvis .    a - +0 trident
rCold   . . .      Faith    .    A - +0 buckler
rNeg    . . .      Spirit   .    (body armour currently unavailable)
rPois   +          Reflect  .    (helmet currently unavailable)
rElec   .          Harm     .    (cloak currently unavailable)
rCorr   .          Rampage  .    (gloves currently unavailable)
Will    .....      NoTele   +    (boots currently unavailable)
Stlth   ++........               h - amulet of regeneration
HPRegen 1.13/turn                (no ring)
MPRegen 0.20/turn                (no ring)

@: brilliant, tree-form, very slow
A: stationary, stasis, torment immunity, boosted hp, magic regeneration, (sharp
scales 1), demonic magic 1
a: Renounce Religion, Bend Time


You were on level 5 of the Dungeon.
You worshipped Cheibriados.
Cheibriados was aware of your devotion.
You were a tree.
You visited 1 branch of the dungeon, and saw 6 of its levels.

You collected 325 gold pieces.

Inventory:

Hand Weapons
 a - a +0 trident (weapon)
Missiles
 d - 3 throwing nets (quivered)
 e - a javelin
Armour
 p - a +0 ring mail
 s - a +0 pair of boots (melded)
 y - a +0 helmet (melded)
 A - a +0 buckler (worn)
 B - a +0 pair of gloves (melded)
 C - a +2 leather armour of fire resistance (melded)
Jewellery
 h - an amulet of regeneration (around neck)
Scrolls
 c - a scroll of fear {unknown}
 f - 2 scrolls of magic mapping {unknown}
 g - 2 scrolls of torment {unknown}
 i - 2 scrolls of enchant armour {unknown}
 k - 3 scrolls of vulnerability {unknown}
 l - 11 scrolls of identify {unknown}
 m - a scroll of summoning {unknown}
 n - 7 scrolls of teleportation {unknown}
 q - 3 scrolls of enchant weapon {unknown}
 r - 2 scrolls of immolation {unknown}
 v - a scroll of amnesia {unknown}
 w - 3 scrolls of poison {unknown}
Potions
 b - a potion of magic {unknown}
 o - a potion of resistance {unknown}
 t - a potion of brilliance
 u - a potion of attraction {unknown}
 x - a potion of degeneration {unknown}


   Skills:
 - Level 3.2 Fighting
 - Level 5.6 Polearms
 - Level 1.7 Throwing
 - Level 2.6 Dodging
 + Level 6.1 Shields


You had 6 spell levels left.
You didn't know any spells.
Your spell library contained the following spells:

 Spells                   Type           Power      Damage    Failure   Level
 Apportation              Tloc           0%         N/A       36%         1
 Necrotise                Necr           0%         1d4       36%         1
 Summon Small Mammal      Summ           0%         N/A       36%         1
 Cigotuvi's Dreadful Rot  Necr/Pois/Air  0%         N/A       50%         2
 Inner Flame              Hex/Fire       0%         N/A       73%         3
 Kindle Blastsparks       Fire/Tloc/Air  0%         2d10      73%         3
 Cause Fear               Hex            0%         N/A       98%         4
 Dispel Undead            Necr           0%         3d6       98%         4
 Fulminant Prism          Conj/Hex       0%         3d5       98%         4
 Iskenderun's Mystic Bla  Conj/Tloc      0%         2d3       98%         4
 Alistair's Intoxication  Tmut/Pois      0%         N/A       100%        5
 Borgnjor's Vile Clutch   Necr/Erth      0%         N/A       100%        5
 Lee's Rapid Deconstruct  Erth           0%         3d4*      100%        5
 Death Channel            Necr           0%         N/A       100%        6
 Eringya's Noxious Bog    Tmut/Pois      0%         N/A       100%        6
 Discord                  Hex            0%         N/A       100%        8


Dungeon Overview and Level Annotations

Branches:
Dungeon (6/15)             Temple (0/1) D:6

Altars:
Cheibriados
Gozag
Ru
Xom

Annotations:
D:5 Duvessa


Innate Abilities, Weirdness & Mutations

You are a tree.
Your roots penetrate the ground, keeping you stationary.
You cannot be teleported.
You are immune to unholy pain and torment.
Your maximum health is greatly increased.
Your equipment is partially melded.
You regenerate magic rapidly.
((You are partially covered in razor-sharp scales. (AC +1, Slay +1)))
Spells you cast may paralyse adjacent enemies.


Message History

Duvessa hits you but does no damage. Dowan misses you.
You puncture Dowan!
Dowan is almost dead.
Duvessa barely misses you. Dowan hits you with a +0 dagger.
You hit Dowan.
You kill Dowan!
Cheibriados thoroughly appreciates the change of pace.
Cheibriados raises the support of your attributes as your movement slows.
Duvessa weeps, and shakes her weapon.
Duvessa goes berserk!
Duvessa hits you with a +1 short sword of protection!
Duvessa hits you with a +1 short sword of protection.
Your Shields skill increases to level 6!
You hit Duvessa.
Duvessa is lightly wounded.
Duvessa hits you with a +1 short sword of protection!!
Duvessa hits you with a +1 short sword of protection!
* * * LOW HITPOINT WARNING * * *
You are too injured to fight recklessly!
Okay, then.
It was a potion of curing.
You feel better.
Duvessa hits you with a +1 short sword of protection.
It was a potion of brilliance.
You feel clever all of a sudden.
Duvessa hits you with a +1 short sword of protection!
* * * LOW HITPOINT WARNING * * *
Duvessa closely misses you.
You feel better.
Duvessa hits you with a +1 short sword of protection!
* * * LOW HITPOINT WARNING * * *
It was a potion of lignification.
You turn into a tree.
Your +0 helmet melds into your body.
Your +0 pair of gloves melds into your body.
Your +0 pair of boots melds into your body.
Your +2 leather armour of fire resistance melds into your body.
You feel less resistant to fire.
Your roots penetrate the ground.
Duvessa hits you with a +1 short sword of protection.
* * * LOW HITPOINT WARNING * * *
Duvessa hits you with a +1 short sword of protection.
You die...

#.........#.........#
#...#####.###.##....#
#...# #.....##.##.#
################.##.#
#.......... #.##.#
##.......... #.##.#
#...!....... #.##..
#....)...... #.###.
#...♣e...... #.###.
#..#......######.#...
##.######.# #....#.##
#........# #.####.##
####..#### #....#.#.
#..#..#########.#.#.
#.........# #.#...
#..######.# #.####
#......... #.####


You could see Duvessa (berserk).

Vanquished Creatures
  Sigmund (D:5)
  An ice beast (D:6)
  2 ogres (D:4)
  A phantom (D:5)
  2 scorpions
  Dowan (D:5)
  A jelly (D:5)
  A hound (D:5)
  3 iguanas
  5 adders
  2 ufetubi
  3 worms
  A dart slug (D:1)
  6 orcs
  3 ball pythons
  4 bats
  8 endoplasms
  A giant cockroach (D:3)
  7 goblins
  6 hobgoblins
  3 jackals (D:1)
  7 quokkas
  5 frilled lizards
  8 kobolds
  9 rats
91 creatures vanquished.

Notes
Turn   | Place    | Note
-------+----------+-------------------------------------------
     0 | D:1      | Maxmaps the Demonspawn Gladiator began the quest for the
                  | Orb.
     0 | D:1      | Reached XP level 1. HP: 16/16 MP: 1/1
   166 | D:1      | Gained mutation: Spells you cast may paralyse adjacent
                  | enemies. [demonic ancestry]
   166 | D:1      | Reached XP level 2. HP: 22/22 MP: 2/2
   194 | D:1      | Found a faded altar of an unknown god.
   461 | D:1      | Gained mutation: You regenerate magic rapidly. [demonic
                  | ancestry]
   461 | D:1      | Reached XP level 3. HP: 27/27 MP: 3/3
  1448 | D:3      | Found a sacrificial altar of Ru.
  1742 | D:3      | Found a snail-covered altar of Cheibriados.
  1750 | D:3      | Gained mutation: You are partially covered in razor-sharp
                  | scales. (AC +1, Slay +1) [demonic ancestry]
  1750 | D:3      | Reached XP level 4. HP: 30/33 MP: 4/4
  1762 | D:3      | Became a worshipper of Cheibriados the Contemplative
  1845 | D:3      | Found a shimmering altar of Xom.
  2166 | D:3      | Found an opulent altar of Gozag.
  2503 | D:4      | Noticed an ogre
  2511 | D:4      | Killed an ogre
  2512 | D:4      | Reached skill level 5 in Polearms
  2512 | D:4      | Reached XP level 5. HP: 17/38 MP: 5/5
  2782 | D:4      | Noticed an ogre
  2789 | D:4      | Killed an ogre
  2790 | D:4      | Reached skill level 1 in Shields
  2790 | D:4      | Reached XP level 6. HP: 47/47 MP: 6/6
  3112 | D:4      | Reached skill level 2 in Shields
  3188 | D:5      | Entered Level 5 of the Dungeon
  3219 | D:5      | Noticed an ice beast
  3220 | D:5      | Noticed Sigmund
  3242 | D:6      | Killed an ice beast
  3243 | D:6      | Reached skill level 3 in Shields
  3248 | D:6      | Found a staircase to the Ecumenical Temple.
  3431 | D:5      | Reached * piety under Cheibriados
  3473 | D:5      | Reached XP level 7. HP: 52/52 MP: 7/7
  3488 | D:5      | Killed Sigmund
  3489 | D:5      | Reached skill level 4 in Shields
  3504 | D:5      | Reached skill level 5 in Shields
  3996 | D:5      | Noticed Dowan
  3997 | D:5      | Noticed Duvessa
  4011 | D:5      | Killed Dowan
  4012 | D:5      | Reached skill level 6 in Shields
  4016 | D:5      | Slain by Duvessa

Illustrated notes

Levels and vault maps discovered:
D:1:      eino_arrival_water_cross, layout_loops_ring,
          hellmonk_ecumenical_altar_run_dry
D:2:      layout_loops_cross, basic_altar
D:3:      layout_loops_corners, grunt_gozag_breadcrumbs,
          mainiacjoe_overflow_alcove_2, mainiacjoe_overflow_boulevard,
          mainiacjoe_overflow_24_doors
D:4:      layout_basic, serial_glass, glass_columns_c, glass_columns_c,
          minmay_strange_pillars, feat_on_display, item_on_display_a,
          minmay_strange_pillars, minmay_pentomino_pile
D:5:      layout_basic, uniq_sigmund, uniq_duvessa
D:6:      layout_basic, minmay_temple_entry_offerings, minmay_manual_mares

Skill      XL: |  1  2  3  4  5  6  7 |
---------------+----------------------+-----
Polearms       | 3 4 5 |  5.6
Fighting       | 3 |  3.2
Shields        | 1 3 6 |  6.1
Throwing       | |  1.7
Dodging        | |  2.6

Action                   |  1- 3 |  4- 6 |  7- 9 || total
-------------------------+-------+-------+-------++-------
Melee: Trident           |   136 |   141 |    83 ||   360
       Punch             |     1 |       |       ||     1
  Use: Potion            |       |       |     4 ||     4
Armor: Leather armour    |    22 |       |     5 ||    27
       Ring mail         |    24 |    38 |    22 ||    84
Dodge: Dodged            |    66 |    65 |    37 ||   168
Block: Buckler           |       |    13 |    12 ||    25

Table legend: (Time is in decaauts)
 A = Elapsed time spent in this place.
 B = Non-inter-level travel time spent in this place.
 C = Inter-level travel time spent in this place.
 D = Time resting spent in this place.
 E = Time spent auto-exploring this place.
 F = Levels seen in this place.
 G = Mean time per level.
                   A        B        C        D        E       F      G
               +--------+--------+--------+--------+--------+-----+--------+
         Total |   4612 |   4422 |    190 |    146 |   3472 |   6 |  768.7 |
       Dungeon |   4612 |   4422 |    190 |    146 |   3472 |   6 |  768.7 |
               +--------+--------+--------+--------+--------+-----+--------+

Top non-repeatable levels by time:
     D:4: 1100 daAuts
     D:3: 1093 daAuts
     D:5: 912 daAuts
     D:1: 768 daAuts
     D:2: 583 daAuts
     D:6: 153 daAuts
